AoeStats
← 拉回就是埋點-taco_clement

Arena

509361352Analyzed
4v4 RM · 5d ago on Sep 26, 2026· 21m 45s· 8 players
Game mode
Random Map
Map size
Large (8 player)
Population
200
Speed
Normal
Resources
Standard
Victory
Conquest
Starting age
Dark Age
Ending age
Imperial Age
RankedLock teamsTeams togetherTeam positionsShared explorationLock speedFull tech treeHidden civsTurbo modeCheats
Victory
Defeat
🇹🇼 Khmer · Taiwan
1314
+11
1260
+13
🇹🇼 Mongols · Taiwan
1258
+13
1048
+23
🇲🇦 Teutons · Morocco
1237
-17
🇨🇳 Mongols · China
1188
-15
🇪🇸 Lithuanians · Spain
1179
-14
🇦🇷 Italians · Argentina
1175
-14
PedroAoe
11:57 Feudal Age
12:49 Double-Bit Axe
12:47 Horse Collar
15:40 Castle Age
14:20 Forging
16:27 Light Cavalry
21:29 Fervor
22:00 Scale Barding Armor
DaYF1786
4:31 Loom
9:23 Feudal Age
10:12 Loom
10:52 Fletching
16:32 Wheelbarrow
21:39 Castle Age
19:58 Double-Bit Axe
20:32 Stone Mining
lucasferraro.lp
0:50 Loom
9:52 Feudal Age
乌兰巴托
9:34 Feudal Age
13:46 Castle Age
12:28 Double-Bit Axe
探吉教~NOMO
11:16 Feudal Age
14:24 Castle Age
12:51 Double-Bit Axe
15:34 Bow Saw
16:16 Horse Collar
20:47 Wheelbarrow
21:19 Bloodlines
友善牛牛
7:38 Feudal Age
7:33 Loom
8:14 Double-Bit Axe
14:17 Fletching
21:44 Castle Age
你失智多年的老杯
8:40 Loom
10:33 Feudal Age
12:01 Double-Bit Axe
12:52 Fletching
23:10 Castle Age
21:48 Stone Mining
21:51 Horse Collar
拉回就是埋點-taco_clement
0:27 Loom
10:53 Feudal Age
12:30 Double-Bit Axe
15:06 Castle Age
13:38 Horse Collar
15:59 Bow Saw
Connection lost

Rejoining the realm…

Still unreachable

The connection could not be restored.

Session expired

The server has moved on; the page needs a fresh start.